 Dungeon Crawl Stone Soup version 0.20-a0-1109-ge3cd172 (webtiles) character file.

65 JeffiDaFish the Shield-Bearer (level 4, 0/29 HPs)
             Began as a Gargoyle Fighter on May 5, 2017.
             Slain by Sigmund
             ... wielding a +0 scythe
              (2 damage)
             ... on level 3 of the Dungeon.
             The game lasted 00:04:55 (1352 turns).

JeffiDaFish the Shield-Bearer (Gargoyle Fighter)    Turns: 1352, Time: 00:04:56

Health: 0/29       AC: 15    Str: 22 (25) XL:     4   Next: 13%
Magic:  13/13      EV:  4    Int:  6 (8)  God:
Gold:   54         SH:  9    Dex:  8 (10) Spells: 3/3 levels left

rFire    . . .     SeeInvis .   a - +0 flail
rCold    . . .     Gourm    .   c - +0 shield
rNeg     + . .     Faith    .   i - +0 plate armour
rPois    ∞         Spirit   .   (no helmet)
rElec    +         Reflect  .   (no cloak)
rCorr    .         Harm     .   (no gloves)
MR       .....                  (no boots)
Stlth    ..........             (no amulet)
Regen    0.1/turn               b - ring of magical power
MPRegen  0.2/turn               (no ring)

@: mighty
A: negative energy resistance 1, electricity resistance, unbreathing,
petrification resistance, rot immunity, AC +3
a: no special abilities


You were on level 3 of the Dungeon.
You were hungry.

You visited 1 branch of the dungeon, and saw 3 of its levels.

You collected 54 gold pieces.

Inventory:

Hand Weapons
 a - a +0 flail (weapon)
Armour
 c - a +0 shield (worn)
 i - a +0 plate armour (worn)
Jewellery
 b - a ring of magical power (left hand)
Comestibles
 f - 2 bread rations
 g - a royal jelly
 h - a meat ration


   Skills:
 + Level 3.7 Fighting
 + Level 2.5 Maces & Flails
 + Level 3.7 Armour
 + Level 0.7 Dodging
 + Level 4.1 Shields


You had 3 spell levels left.
You didn't know any spells.

Dungeon Overview and Level Annotations

Branches:
Dungeon (3/15)

Altars:

Annotations:
D:3 Sigmund


Innate Abilities, Weirdness & Mutations

You are resistant to torment.
Your stone body is resilient. (AC +3)
You are immune to poison.
You resist negative energy. (rN+)
You are resistant to electric shocks. (rElec)
You can survive without breathing.
You are immune to petrification.
You are immune to rotting.


Message History

The magic dart hits you!
You miss something. Something hits you!
* * * LOW HITPOINT WARNING * * *
You miss something. Something hits you but does no damage.
You feel mightier all of a sudden.
You hear some strange, mumbled words.
A puff of flame appears from out of thin air!
The puff of flame hits you!
* * * LOW HITPOINT WARNING * * *
You thump something! Something hits you but does no damage.
You miss something. You block something's attack.
You closely miss something. Something hits you but does no damage.
You closely miss something.
Your plate armour prevents you from hitting something.
Something hits you but does no damage.
Your shield and plate armour prevent you from hitting something.
You block something's attack.
You miss something. Something hits you but does no damage.
You miss something. Something hits you.
You die...

.......
....r#.########
..$............
#............ #.#
#K# #r# #{# #@#
#.# #.# #.#
#.##### #.....#
#####<# #.#
########.########


You could see a quokka and a kobold.

Vanquished Creatures
  4 adders
  2 leopard geckos (D:1)
  A giant cockroach (D:1)
  2 goblins (D:1)
  3 hobgoblins (D:1)
  6 kobolds
  A ball python (D:1)
  3 bats
  3 frilled lizards
  4 rats
29 creatures vanquished.

Notes
Turn   | Place    | Note
-------+----------+-------------------------------------------
     0 | D:1      | JeffiDaFish the Gargoyle Fighter began the quest for the Orb.
     0 | D:1      | Reached XP level 1. HP: 14/14 MP: 1/1
   137 | D:1      | Reached XP level 2. HP: 19/19 MP: 2/2
   853 | D:2      | Reached XP level 3. HP: 23/23 MP: 3/3
   964 | D:2      | Reached skill level 4 in Shields
  1323 | D:3      | Noticed Sigmund
  1331 | D:3      | Reached XP level 4. HP: 26/29 MP: 4/4
  1344 | D:3      | HP: 1/29 [something/puff of flame (3)]
  1352 | D:3      | Slain by Sigmund

Vault maps used:
D:1:      minmay_arrival_four_houses
D:2:      wad_pebble_path
D:3:      uniq_jessica, uniq_natasha, uniq_sigmund

Skill      XL: |  1  2  3 |
---------------+----------+-----
Shields        | 4 |  4.1
Fighting       | |  3.7
Maces & Flails | |  2.5
Armour         | |  3.7
Dodging        | |  0.7

Action                   |  1- 3 |  4- 6 || total
-------------------------+-------+-------++-------
Melee: Flail             |   119 |    19 ||   138
  Use: Scroll            |     4 |       ||     4
       Potion            |     4 |     1 ||     5
  Eat: Chunk             |     1 |       ||     1
Armor: Scale mail        |    20 |       ||    20
       Plate armour      |    56 |     6 ||    62
Dodge: Dodged            |    35 |       ||    35
Block: Shield            |    83 |     4 ||    87
